 Dungeon Crawl Stone Soup version 0.18.1-50-g88ac8fd (webtiles) character file.

294 Gargoyl the Skirmisher (level 6, -3/48 HPs)
             Began as a Demonspawn Abyssal Knight on Oct 9, 2016.
             Was a Believer of Lugonu.
             Slain by Sigmund
             ... wielding a +0 scythe
              (6 damage)
             ... on level 4 of the Dungeon.
             The game lasted 00:07:10 (3754 turns).

Gargoyl the Skirmisher (Demonspawn Abyssal Knight)  Turns: 3754, Time: 00:07:10

Health: -3/48      AC: 12    Str: 14    XL:     6   Next: 11%
Magic:  8/8        EV:  6    Int: 14    God:    Lugonu [**....]
Gold:   137        SH:  0    Dex: 12    Spells: 0 memorised, 5 levels left

rFire  . . .     SeeInvis .     b - +0 war axe (curse)
rCold  . . .     Gourm    .     h - +0 plate armour
rNeg   + . .     Faith    .     (no shield)
rPois  .         Spirit   .     (no helmet)
rElec  .         Dismiss  .     (no cloak)
rCorr  +         Reflect  .     j - +0 pair of gloves
SustAt .         Harm     .     (no boots)
MR     .....                    (no amulet)
Stlth  ..........               k - ring of positive energy
                                d - ring of resist corrosion

@: not resistant to hostile enchantments, extremely unstealthy
A: claws 2, repulsion field 1, powered by pain 1
a: Depart the Abyss, Bend Space, Renounce Religion


You were on level 4 of the Dungeon.
You worshipped Lugonu.
Lugonu was pleased with you.
You were not hungry.

You visited 1 branch of the dungeon, and saw 4 of its levels.
You visited the Abyss 1 time.

You collected 137 gold pieces.

Inventory:

Hand Weapons
 b - a cursed +0 war axe (weapon)
Armour
 h - a +0 plate armour (worn)
 j - a +0 pair of gloves (worn)
Jewellery
 d - a ring of resist corrosion (left hand)
 k - a ring of positive energy (right hand)
Scrolls
 a - a scroll of enchant armour {unknown}
 g - 2 scrolls of teleportation
 i - 2 scrolls of identify
 l - a scroll of remove curse
Comestibles
 c - 2 bread rations
 f - 4 meat rations
 n - a beef jerky


   Skills:
 + Level 4.0 Fighting
 + Level 3.3 Axes
 * Level 3.7 Armour
 + Level 1.1 Dodging
 * Level 3.8 Invocations


You had 5 spell levels left.
You didn't know any spells.

Dungeon Overview and Level Annotations

Branches:
Dungeon (4/15)
 Temple: D:4-7

Altars:
Dithmenos
Nemelex Xobeh

Annotations:
D:4 Sigmund


Innate Abilities, Weirdness & Mutations

You have very sharp fingernails.
You are surrounded by a mild repulsion field (EV +2).
You sometimes gain a little power by taking damage.


Message History

Something hits you.
You slash something! Something hits you.
Your plate armour prevents you from hitting something.
You hear some strange, mumbled words.
A puff of flame appears from out of thin air!
The puff of flame hits you!
Your plate armour prevents you from hitting something.
You hear some strange, mumbled words.
You are confused.
Something hits you but does no damage.
You completely miss something. Something hits you.
* * * LOW HITPOINT WARNING * * *
You bump into the rock wall.
Something hits you but does no damage.
You barely miss something.
You feel less confused. Something hits you!
* * * LOW HITPOINT WARNING * * *
You closely miss something. Something hits you.
You die...

######### ###
..##..<##..##..##..
#..........@.........
#...........{........
#...........().......
#............##..###. ######
##..##..(##..##########.....
#.. #...##..##..........#..
.. .................<...#..
).....................#..
......................#..


There were no monsters in sight!

Vanquished Creatures
  3 orc priests (D:3)
  Ijyb (D:2)
  An iguana (D:3)
  A worker ant (D:4)
  4 adders
  A dart slug (D:3)
  4 worms
  5 giant geckos
  10 orcs
  2 ball pythons (D:1)
  8 giant cockroaches
  5 hobgoblins
  6 jackals (D:1)
  4 bats
  4 giant newts
  4 goblins
  7 kobolds
  5 rats
75 creatures vanquished.

Vanquished Creatures (others)
  2 starspawn tentacles (Abyss:1)
  40 starspawn tentacle segments (Abyss:1)
42 creatures vanquished.

Grand Total: 117 creatures vanquished

Notes
Turn   | Place    | Note
--------------------------------------------------------------
     0 | Abyss:1  | Gargoyl the Demonspawn Abyssal Knight began the quest for the Orb.
     0 | Abyss:1  | Reached XP level 1. HP: 18/18 MP: 2/2
    31 | Abyss:1  | Noticed a tentacled starspawn
    90 | Abyss:2  | Noticed a raiju
   101 | D:1      | Escaped the Abyss
   180 | D:1      | Reached skill level 1 in Dodging
   302 | D:1      | Gained mutation: You have sharp fingernails. [demonic ancestry]
   302 | D:1      | Reached XP level 2. HP: 21/24 MP: 3/3
   302 | D:1      | Reached * piety under Lugonu
   693 | D:1      | Gained mutation: You are surrounded by a mild repulsion field (EV +2). [demonic ancestry]
   693 | D:1      | Reached XP level 3. HP: 29/29 MP: 3/5
   972 | D:2      | Noticed Ijyb
  1011 | D:2      | Killed Ijyb
  1358 | D:2      | Reached XP level 4. HP: 22/35 MP: 6/6
  1602 | D:2      | Found a shadowy altar of Dithmenos.
  1972 | D:2      | Reached ** piety under Lugonu
  2605 | D:3      | Gained mutation: You sometimes gain a little power by taking damage. [demonic ancestry]
  2605 | D:3      | Reached XP level 5. HP: 24/41 MP: 7/7
  3142 | D:3      | Found a sparkling altar of Nemelex Xobeh.
  3511 | D:4      | Reached skill level 4 in Fighting
  3588 | D:4      | Noticed Sigmund
  3612 | D:3      | Gained mutation: You have very sharp fingernails. [demonic ancestry]
  3612 | D:3      | Reached XP level 6. HP: 45/48 MP: 8/8
  3754 | D:4      | Slain by Sigmund

Skill      XL: |  1  2  3  4  5 |
---------------+----------------+-----
Armour         | 2 3 |  3.7
Dodging        | 1 |  1.1
Axes           | 2 3 |  3.3
Invocations    | 3 |  3.8
Fighting       | 4 |  4.0

Action                   |  1- 3 |  4- 6 || total
-------------------------+-------+-------++-------
Melee: Hand axe          |   185 |   130 ||   315
       War axe           |       |    44 ||    44
Invok: Depart the Abyss  |     1 |       ||     1
  Use: Scroll            |     6 |     2 ||     8
       Potion            |       |     5 ||     5
  Eat: Chunk             |     2 |     8 ||    10
Armor: Plate armour      |   167 |   117 ||   284
Dodge: Dodged            |    52 |    58 ||   110
